 Dungeon Crawl Stone Soup version 0.30.1-9-gdf580d7c3d (webtiles) character file.

Game seed: 15755806129959794426

6188 Xarn the Twirler (level 10, -6/83 HPs)
             Began as a Minotaur Gladiator on Oct 10, 2023.
             Was a High Priest of Fedhas.
             Mangled by Gastronok (27 damage)
             ... on level 9 of the Dungeon on Oct 11, 2023.
             The game lasted 00:32:21 (8718 turns).

Xarn the Twirler (Minotaur Gladiator)               Turns: 8718, Time: 00:32:22

Health: -6/83      AC: 10    Str: 18    XL:     10   Next: 60%
Magic:  3/3        EV: 18    Int:  9    God:    Fedhas [*****.]
Gold:   544        SH:  0    Dex: 16    Spells: 9/9 levels left

rFire   + . .        x - +6 hand axe of Exchange {antimagic, rF+}
rCold   . . .        (no shield)
rNeg    . . .        r - +0 ring mail "Wororat" {Rampage rElec Str-2 Dex+5}
rPois   .            c - +1 hat
rElec   +            N - scarf {repulsion}
rCorr   .            k - +2 pair of gloves {Stlth+}
SInv    +            (no boots)
Will    .....        (no amulet)
Stlth   +++          C - +5 ring of evasion
HPRegen 0.33/turn    o - ring of see invisible
MPRegen 0.08/turn

%: repel missiles, rampage
@: weak-willed
A: horns 2, retaliatory headbutt
a: Renounce Religion, Wall of Briars, Grow Ballistomycete, Overgrow, Grow Oklob


You were on level 9 of the Dungeon.
You worshipped Fedhas.
Fedhas was extremely pleased with you.
You visited 1 branch of the dungeon, and saw 9 of its levels.
You also visited: Bailey.

You collected 915 gold pieces.
You spent 371 gold pieces at shops.

Inventory:

Hand Weapons
 a - a +1 quarterstaff
 t - the +8 hammer of Departure {holy, rElec}
   (You found it on level 2 of the Dungeon)

   rElec:     It insulates you from electricity.
 x - the +6 hand axe of Exchange (weapon) {antimagic, rF+}
   (You took it off a kobold in a bailey)

   rF:        It protects you from fire.
Missiles
 d - 7 throwing nets
 e - 6 javelins
 m - 7 datura-tipped darts (quivered)
 y - 6 curare-tipped darts
 A - 18 boomerangs
 H - 4 atropa-tipped darts
Armour
 b - a +0 leather armour
 c - a +1 hat (worn)
 k - a +2 pair of gloves of stealth (worn)
 r - the +0 ring mail "Wororat" (worn) {Rampage rElec Str-2 Dex+5}
   (You found it on level 4 of the Dungeon)

   Str:       It affects your strength (-2).
   Dex:       It affects your dexterity (+5).
   rElec:     It insulates you from electricity.
   Rampage:   It bestows one free step when moving towards enemies.
 u - a +2 cloak of stealth
 N - a scarf of repulsion (worn)
Jewellery
 o - a ring of see invisible (right hand)
 q - an amulet of faith
 C - a +5 ring of evasion (left hand)
 J - a ring of willpower
Wands
 E - a wand of mindburst (24)
 O - a wand of flame (9)
Scrolls
 f - 2 scrolls of torment
 h - 2 scrolls of teleportation
 i - a scroll of amnesia
 j - 2 scrolls of vulnerability
 n - 3 scrolls of magic mapping
 D - 2 scrolls of immolation
 F - 4 scrolls of enchant armour
 I - 4 scrolls of fear
 L - a scroll of butterflies
 M - a scroll of enchant weapon
Potions
 g - 3 potions of invisibility {unknown}
 l - 5 potions of curing
 p - a potion of haste
 s - 2 potions of lignification
 w - a potion of might {unknown}
 z - 2 potions of flight
 B - a potion of berserk rage
 G - a potion of heal wounds
 K - 2 potions of magic


   Skills:
 * Level 5.8 Fighting
 * Level 6.8(9.0) Axes
 * Level 7.0(9.5) Maces & Flails
 * Level 5.2(8.3) Polearms
 * Level 7.2(9.2) Staves
 * Level 5.0 Throwing
 * Level 6.0 Armour
 * Level 6.0 Dodging
 * Level 4.2 Stealth
 * Level 3.7 Invocations
 * Level 2.9 Evocations


You had 9 spell levels left.
You didn't know any spells.
Your spell library contained the following spells:

 Spells                   Type           Power      Damage    Failure   Level
 Apportation              Tloc           0%         N/A       56%         1
 Dazzling Flash           Conj/Hex       0%         N/A       90%         3
 Ozocubu's Armour         Ice            0%         N/A       90%         3
 Flame Wave               Conj/Fire      0%         2d4       100%        4
 Sticky Flame             Conj/Fire      0%         2d3       100%        4
 Alistair's Intoxication  Tmut/Pois      0%         N/A       100%        5
 Iskenderun's Battlesphe  Conj           0%         2d6       100%        5
 Metabolic Englaciation   Hex/Ice        0%         N/A       100%        5
 Summon Forest            Summ/Tloc      0%         N/A       100%        5
 Eringya's Noxious Bog    Tmut/Pois      0%         N/A       100%        6
 Simulacrum               Ice/Necr       0%         N/A       100%        6
 Summon Hydra             Summ           0%         N/A       100%        7


Dungeon Overview and Level Annotations

Branches:
Dungeon (9/15)             Temple (0/1) D:5          Bailey (visited)
   Lair: D:8-11         Orc: D:9-12

Altars:
Fedhas
Nemelex Xobeh
Okawaru
Sif Muna
Trog
Uskayaw
Xom
Zin
The Shining One

Shops:
D:4 (?(=*   D:5 *

Annotations:
D:9 Gastronok


Innate Abilities, Weirdness & Mutations

You have a pair of horns on your head.
You reflexively headbutt those who attack you in melee.


Message History

Aim: Gastronok, wearing a +1 hat of willpower (moderately wounded, weak-willed, covered in acid, chance to affect: 42%) Gastronok resists with some effort.
You rampage towards Gastronok!
Gastronok bites you!
You slash Gastronok!
Gastronok's magic leaks into the air.
You headbutt Gastronok.
Gastronok is moderately wounded.
You slash Gastronok!
Gastronok's magic leaks into the air.
You headbutt Gastronok.
Gastronok is moderately wounded.
Gastronok is no longer covered in acid.
Gastronok falters for a moment.
You hit Gastronok.
Gastronok's magic leaks into the air.
Gastronok is moderately wounded.
You hit Gastronok.
Gastronok's magic leaks into the air.
You headbutt Gastronok, but do no damage.
Gastronok is moderately wounded.
Gastronok bites you!!
Aiming: Corrosive Bolt
Press: ? - help, Shift-Dir - straight line, f/p - Gastronok
Aim: Gastronok, wearing a +1 hat of willpower (moderately wounded, weak-willed, magic disrupted, 100% to hit)
The bolt of acid hits Gastronok!
The acid corrodes Gastronok!
Gastronok is heavily wounded.
The now-empty wand crumbles to dust.
You feel better. Gastronok bites you!!
You feel much better.
You hit Gastronok.
Gastronok's magic leaks into the air.
Gastronok is heavily wounded.
You slash Gastronok!
Gastronok's magic leaks into the air.
You headbutt Gastronok!
Gastronok is severely wounded.
Gastronok bites you!!
* * * LOW HITPOINT WARNING * * *
You hit Gastronok.
Gastronok's magic leaks into the air.
You headbutt Gastronok.
Gastronok is severely wounded.
You hit Gastronok.
Gastronok's magic leaks into the air.
Your headbutt misses Gastronok.
Gastronok is severely wounded.
Gastronok bites you!!
You die...
Fedhas appreciates your contribution to the ecosystem.

...,...........)[)().....#######.
,,**#######.############.# #. ,,*
#.# #.# #. ,,* #.# #.# *## #. ,,*
#.# #.#*#≈###.
,,#########.############.##≈≈~##.
,,..........................≈~~~.
**.######.######.#####.##.....~~≈
*,* #.# #@# #.######.... *,* #.#
#w#####...###*,... *,* #.#
#.#.........#*,,.. *,* #.#
#.#.~~~~~~~.#*,,,. *,* #.#
#.#.≈#####~.#*,,,, *,* #.#
#.#.≈#..)#≈.#*,,,, *,* #.#
#...~#.∩).).#*,,,, *,* #.#
#.#,~#...#~.#*,,,, *,* #.#
#.,,~#####~.#*,,,,


You could see Gastronok (weak-willed, corroded, magic disrupted).

Vanquished Creatures
  A boulder beetle (D:6)
  A wraith (D:9)
  Menkaure (D:5)
  An acid dragon (D:9)
  4 water moccasins
  5 orc warriors
  A black bear (D:4)
  3 ice beasts
  2 ogres
  4 centaurs
  2 phantoms
  10 kobold brigands
  2 bullfrogs
  A gnoll sergeant (D:8)
  A scorpion (D:5)
  9 wights (D:8)
  10 killer bees
  2 howler monkeys
  7 jellies
  2 gnoll boudas
  4 hounds
  Crazy Yiuf (D:2)
  4 orc priests
  4 iguanas
  12 orc wizards
  10 gnolls
  7 adders
  3 shadow imps (D:6)
  2 white imps
  2 worms
  4 dart slugs
  28 orcs
  7 bats
  7 endoplasms
  4 giant cockroaches
  15 goblins
  8 hobgoblins
  7 jackals (D:1)
  4 quokkas
  8 ball pythons
  3 frilled lizards
  20 kobolds
  4 rats
237 creatures vanquished.

Vanquished Creatures (collateral kills)
  A sky beast (D:7)
  An orc priest (D:5)
  An orc wizard (D:7)
  2 orcs
  3 ballistomycete spores (D:5)
8 creatures vanquished.

Vanquished Creatures (others)
  An orc (D:3)
  A hobgoblin (D:3)
  A kobold (D:3)
3 creatures vanquished.

Grand Total: 248 creatures vanquished

Notes
Turn   | Place    | Note
-------+----------+-------------------------------------------
     0 | D:1      | Xarn the Minotaur Gladiator began the quest for the Orb.
     0 | D:1      | Reached XP level 1. HP: 18/18 MP: 0/0
    98 | D:1      | Reached XP level 2. HP: 24/25 MP: 1/1
   354 | D:1      | Found a faded altar of an unknown god.
   362 | D:1      | Prayed at the altar of an unknown god.
   362 | D:1      | Became a worshipper of Fedhas Madash
   362 | D:1      | Reached * piety under Fedhas
   405 | D:1      | Reached XP level 3. HP: 25/30 MP: 2/2
  1140 | D:2      | Reached skill level 1 in Armour
  1327 | D:2      | Reached skill level 1 in Polearms
  1335 | D:2      | Reached ** piety under Fedhas
  1399 | D:2      | Reached XP level 4. HP: 20/37 MP: 3/3
  1933 | D:2      | Found a runed translucent door.
  1936 | D:2      | Noticed Crazy Yiuf
  1937 | D:2      | Identified the +8 hammer of Departure {holy, rElec}
  1944 | D:2      | Killed Crazy Yiuf
  2254 | D:3      | Found an iron altar of Okawaru.
  2274 | D:3      | Reached XP level 5. HP: 34/44 MP: 4/4
  2304 | D:3      | Reached skill level 1 in Stealth
  2316 | D:3      | HP: 1/44 [orc/+0 war axe (6)]
  2320 | D:3      | Reached skill level 1 in Maces & Flails
  2397 | D:3      | Reached skill level 5 in Staves
  2819 | D:3      | Reached *** piety under Fedhas
  2983 | D:4      | Found Fifobloz's Weapon Shoppe.
  3029 | D:4      | Noticed a black bear
  3042 | D:4      | Killed a black bear
  3043 | D:4      | Reached skill level 1 in Invocations
  3043 | D:4      | Reached XP level 6. HP: 36/51 MP: 5/5
  3325 | D:4      | Found Soyhoe's Weapon Shoppe.
  3378 | D:4      | Reached XP level 7. HP: 57/57 MP: 6/6
  3433 | D:4      | Identified the +0 ring mail "Wororat" {Rampage rElec Str-2
                  | Dex+5}
  3481 | D:4      | Found Qeed's General Store.
  3497 | D:4      | Bought a potion of curing for 36 gold pieces
  3497 | D:4      | Bought a scroll of identify for 24 gold pieces
  3497 | D:4      | Bought a potion of heal wounds for 60 gold pieces
  3497 | D:4      | Bought a scroll of fear for 48 gold pieces
  3497 | D:4      | Bought a scroll of torment for 114 gold pieces
  3547 | D:4      | Found a sparkling altar of Nemelex Xobeh.
  3758 | D:4      | Found Pabrocs's Jewellery Shop.
  3880 | D:4      | Found Wonyehad's Magic Scroll Boutique.
  3884 | D:4      | Bought a scroll of identify for 22 gold pieces
  3884 | D:4      | Bought a scroll of identify for 22 gold pieces
  3884 | D:4      | Bought a scroll of identify for 22 gold pieces
  3982 | D:5      | Entered Level 5 of the Dungeon
  4332 | D:5      | Noticed Menkaure
  4347 | D:5      | Killed Menkaure
  4352 | D:5      | Found Kitiorek's Assorted Antiques.
  4362 | D:5      | Bought a scroll labelled GIR MI LILI for 23 gold pieces
  4515 | D:5      | Found a staircase to the Ecumenical Temple.
  5203 | D:6      | You fall into a shaft and drop 3 floors!
  5205 | D:9      | Noticed a wraith
  5221 | D:9      | Found a flagged portal.
  5237 | Bailey   | Entered a bailey
  5267 | Bailey   | Reached **** piety under Fedhas
  5272 | Bailey   | Reached XP level 8. HP: 66/66 MP: 8/8
  5282 | Bailey   | Identified the +6 hand axe of Exchange {antimagic, rF+}
  5448 | Bailey   | Reached skill level 5 in Maces & Flails
  5455 | Bailey   | Reached skill level 1 in Axes
  5458 | Bailey   | Reached skill level 1 in Evocations
  5517 | Bailey   | Found a burning altar of Makhleb.
  5649 | D:9      | Reached skill level 5 in Dodging
  5686 | D:9      | Reached XP level 9. HP: 67/72 MP: 3/9
  5742 | D:8      | Reached skill level 5 in Armour
  5856 | D:7      | Reached skill level 5 in Fighting
  6088 | D:7      | Reached ***** piety under Fedhas
  6118 | D:7      | Found a large runed translucent door.
  6119 | D:7      | Found a large runed translucent door.
  6189 | D:7      | Found a glowing golden altar of the Shining One.
  6204 | D:7      | Found a shimmering altar of Xom.
  6282 | D:7      | Found a hide-covered altar of Uskayaw.
  6289 | D:7      | Found a shimmering blue altar of Sif Muna.
  6479 | D:7      | Found a glowing silver altar of Zin.
  6723 | D:6      | Reached skill level 5 in Axes
  6819 | D:6      | Found a bloodstained altar of Trog.
  7136 | D:6      | Noticed a boulder beetle
  7166 | D:6      | Reached XP level 10. HP: 78/81 MP: 3/11
  7294 | D:6      | Killed a boulder beetle
  7413 | D:6      | Got the Catalogue of the Volley
  7638 | D:8      | Reached skill level 5 in Polearms
  7948 | D:8      | Reached skill level 5 in Throwing
  8701 | D:9      | Noticed Gastronok
  8718 | D:9      | Mangled by Gastronok

Illustrated notes

Levels and vault maps discovered:
D:1:      kennysheep_arrival_seaside, layout_basic,
          shapermc_ecumenical_altar_petra, minmay_hexomino_p4
D:2:      layout_basic, uniq_crazy_yiuf_cottage
D:3:      layout_basic, amcnicky_altar_gilded
D:4:      kennysheep_six_static_rooms, layout_cave_pools,
          nemelex_spade_bored_becter, serial_shops, nicolae_lakefront_shop,
          nicolae_square_shop, shop, nicolae_lakefront_shop,
          nicolae_shop_rolled_up, minmay_checkerbox
D:5:      layout_basic, minmay_temple_entry_enclosed_plants, serial_shops, shop,
          hangedman_abyss_or_decor_jellyfish_corner, nrook_mini_vaults,
          uniq_menkaure
D:6:      minmay_clustersquares, layout_loops_ring,
          mainiacjoe_overflow_six_doors_small
D:7:      layout_basic, jmf_multi_god_temple2, mainiacjoe_overflow_alcove_1,
          zin_statuary, kennysheep_mini_moat
D:8:      layout_cave_pools
D:9:      layout_small_grid, enter_bailey_3, chequers_serial_rivers_small_a,
          uniq_gastronok

Skill      XL: |  1  2  3  4  5  6  7  8  9 10 |
---------------+-------------------------------+-----
Staves         | 4 5 6 7 |  7.2
Armour         | 1 2 3 4 5 6 |  6.0
Polearms       | 1 2 3 4 5 |  5.2
Dodging        | 4 5 6 |  6.0
Stealth        | 1 2 3 4 |  4.2
Fighting       | 3 4 5 |  5.8
Maces & Flails | 2 3 4 5 6 7 |  7.0
Invocations    | 1 2 3 |  3.7
Throwing       | 3 4 5 |  5.0
Axes           | 2 5 6 |  6.8
Evocations     | 1 2 |  2.9

Action                     |  1- 3 |  4- 6 |  7- 9 | 10-12 || total
---------------------------+-------+-------+-------+-------++-------
  Melee: Quarterstaff      |    72 |    23 |       |       ||    95
         Headbutt          |    11 |     8 |    38 |    35 ||    92
         Mace              |       |    68 |    72 |       ||   140
         Punch             |       |       |     4 |     1 ||     5
         Hand axe          |       |       |   167 |   115 ||   282
  Throw: Throwing net      |       |     1 |       |       ||     1
         Dart              |       |     5 |     2 |     2 ||     9
 Invoke: Grow Ballistomyce |       |       |     1 |       ||     1
  Evoke: Wand              |       |       |     5 |     4 ||     9
    Use: Scroll            |     4 |     5 |    16 |     8 ||    33
         Potion            |       |     4 |     2 |     4 ||    10
   Stab: Sleeping          |     1 |     3 |     9 |     8 ||    21
         Distracted        |       |       |       |     2 ||     2
 Armour: Leather armour    |    21 |    39 |       |       ||    60
         Skin              |       |     7 |       |       ||     7
         Ring mail         |       |       |    91 |    30 ||   121
  Dodge: Dodged            |    52 |    77 |   235 |   112 ||   476
